3A
ALAMEDA AIRMEN @ BELLEVILLE BULLS
07/09/2032
 
TOP OF THE 1ST
Alameda Airmen batting - Pitching for Belleville Bulls : RHP Yoshihide Hirata
Pitching: RHP Yoshihide Hirata
Batting: RHB Juan Alcocer 0-0: Ball
1-0: Ball
2-0: Called Strike
2-1: SINGLE (Line Drive, 9LM)
Batting: LHB Gustavo Deleón 0-0: Called Strike
0-1: Ball
1-1: Called Strike
1-2: SINGLE (Line Drive, 89S)
Juan Alcocer to second
Batting: RHB Jeromy Gride 0-0: Ball
1-0: DOUBLE (Line Drive, 7D)
Juan Alcocer scores
Gustavo Deleón to third
Runner from 3rd tries for Home, SAFE, no throw
Batting: RHB Hildo Oerlemans 0-0: Ball
1-0: Ball
2-0: SINGLE (Groundball, 4MD)
Jeromy Gride to third
Runner from 3rd tries for Home, SAFE, throw made home
Batting: RHB Vonne Navarrete 0-0: Foul Ball, location: 2F
Pickoff Throw to First - Error! E1
Hildo Oerlemans to second
0-1: Called Strike
Hildo Oerlemans is caught stealing 3rd base
0-2: Strikes out swinging
Batting: RHB Gang Jing 0-0: Fly out, F3 (Popup, 3SF)
Top of the 1st over - 3 runs, 4 hits, 1 error, 0 left on base; Alameda 3 - Belleville 0
BOTTOM OF THE 1ST
Belleville Bulls batting - Pitching for Alameda Airmen : RHP Henry Mitchell
Pitching: RHP Henry Mitchell
Batting: RHB José Bumgarnor 0-0: Ground out 5-3 (Groundball, 56)
Batting: LHB Don McGhee 0-0: Swinging Strike
0-1: Ground out U3 (Groundball, 3)
Batting: LHB Ed Mellor 0-0: Ground out 6-3 (Groundball, 6)
Bottom of the 1st over - 0 runs, 0 hits, 0 errors, 0 left on base; Alameda 3 - Belleville 0
TOP OF THE 2ND
Alameda Airmen batting - Pitching for Belleville Bulls : RHP Yoshihide Hirata
Batting: RHB Mike Capes 0-0: Ball
1-0: Called Strike
1-1: Ball
2-1: Foul Ball, location: 2F
2-2: Strikes out swinging
Batting: RHB Gerwin Norman 0-0: Called Strike
0-1: Fly out, F4 (Line Drive, 4M)
Batting: RHB Víctor Marrero 0-0: Ball
1-0: Ball
2-0: Called Strike
2-1: Ball
3-1: SINGLE (Line Drive, 56D)
Batting: RHB Juan Alcocer 0-0: Called Strike
0-1: Ball
1-1: Ball
2-1: Fly out, F9 (Flyball, 9S)
Top of the 2nd over - 0 runs, 1 hit, 0 errors, 1 left on base; Alameda 3 - Belleville 0
BOTTOM OF THE 2ND
Belleville Bulls batting - Pitching for Alameda Airmen : RHP Henry Mitchell
Batting: RHB Silvian Burger 0-0: Ball
1-0: Ball
2-0: Ball
3-0: Called Strike
3-1: Called Strike
3-2: Base on Balls
Batting: RHB Manuel Vroonland 0-0: Ball
1-0: Ball
2-0: Ball
3-0: Base on Balls
Silvian Burger to second
Batting: RHB Cheh Zhi 0-0: Called Strike
0-1: Fly out, F7 (Line Drive, 7)
Batting: SHB Júlio Moreno 0-0: Called Strike
0-1: Ball
1-1: Foul Ball, location: 2F
1-2: Fly out, F8 (Flyball, 78D)
Batting: RHB Eric Harvey 0-0: Foul Ball, location: 2F
0-1: Called Strike
0-2: Strikes out looking
Bottom of the 2nd over - 0 runs, 0 hits, 0 errors, 2 left on base; Alameda 3 - Belleville 0
TOP OF THE 3RD
Alameda Airmen batting - Pitching for Belleville Bulls : RHP Yoshihide Hirata
Batting: LHB Gustavo Deleón 0-0: Swinging Strike
0-1: Called Strike
0-2: Ball
1-2: Strikes out looking
Batting: RHB Jeromy Gride 0-0: Called Strike
0-1: Ball
1-1: Ball
2-1: Foul Ball, location: 2F
2-2: Strikes out swinging
Batting: RHB Hildo Oerlemans 0-0: Ball
1-0: Called Strike
1-1: Ball
2-1: Fly out, F4 (Popup, 4MD)
Top of the 3rd over - 0 runs, 0 hits, 0 errors, 0 left on base; Alameda 3 - Belleville 0
BOTTOM OF THE 3RD
Belleville Bulls batting - Pitching for Alameda Airmen : RHP Henry Mitchell
Batting: RHB Chi-hyeong Kim 0-0: Called Strike
0-1: Called Strike
0-2: Ball
1-2: Ball
2-2: Strikes out swinging
Batting: RHB José Bumgarnor 0-0: Ball
1-0: Fly out, F8 (Flyball, 89D)
Batting: LHB Don McGhee 0-0: Called Strike
0-1: Foul Ball, location: 2F
0-2: Ball
1-2: Foul Ball, location: 2F
1-2: Ball
2-2: Ball
3-2: Foul Ball, location: 2F
3-2: Strikes out looking
Bottom of the 3rd over - 0 runs, 0 hits, 0 errors, 0 left on base; Alameda 3 - Belleville 0
TOP OF THE 4TH
Alameda Airmen batting - Pitching for Belleville Bulls : RHP Yoshihide Hirata
Batting: RHB Vonne Navarrete 0-0: Foul Ball, location: 2F
0-1: Ball
1-1: Foul Ball, location: 2F
1-2: DOUBLE (Line Drive, 8LD)
Batting: RHB Gang Jing 0-0: Ball
1-0: Ball
2-0: Called Strike
2-1: Foul Ball, location: 2F
2-2: SINGLE (Flyball, 34D)
Vonne Navarrete to third
Runner from 3rd tries for Home, SAFE, no throw
Batting: RHB Mike Capes 0-0: Ball
1-0: Swinging Strike
1-1: Grounds into double play, 6-4-3 (Groundball, 6)
Batting: RHB Gerwin Norman 0-0: Called Strike
0-1: Foul Ball, location: 2F
0-2: Strikes out looking
Top of the 4th over - 1 run, 2 hits, 0 errors, 0 left on base; Alameda 4 - Belleville 0
BOTTOM OF THE 4TH
Belleville Bulls batting - Pitching for Alameda Airmen : RHP Henry Mitchell
Batting: LHB Ed Mellor 0-0: Called Strike
0-1: Ball
1-1: Foul Ball, location: 2F
1-2: Ground out 5-3 (Groundball, 56S)
Batting: RHB Silvian Burger 0-0: Called Strike
0-1: SINGLE (Groundball, 56D)
Batting: RHB Manuel Vroonland 0-0: 2-RUN HOME RUN (Flyball, 7D), Distance : 387 ft
Batting: RHB Cheh Zhi 0-0: Foul Ball, location: 2F
0-1: Called Strike
0-2: Ball
1-2: SINGLE (Groundball, 56D)
Batting: SHB Júlio Moreno 0-0: Ball
1-0: Fly out, F6 (Popup, 15)
Batting: RHB Eric Harvey 0-0: Swinging Strike
0-1: Foul Ball, location: 2F
0-2: Foul Ball, location: 2F
0-2: Foul Ball, location: 2F
0-2: Strikes out swinging
Bottom of the 4th over - 2 runs, 3 hits, 0 errors, 1 left on base; Alameda 4 - Belleville 2
TOP OF THE 5TH
Alameda Airmen batting - Pitching for Belleville Bulls : RHP Yoshihide Hirata
Batting: RHB Víctor Marrero 0-0: Swinging Strike
0-1: Ball
1-1: Called Strike
1-2: Foul Ball, location: 2F
1-2: Ball
2-2: Strikes out looking
Pitching: RHP Mario Galván
Batting: RHB Juan Alcocer 0-0: Called Strike
0-1: Called Strike
0-2: Ball
1-2: Ball
2-2: Ground out 6-3 (Groundball, 6M)
Batting: LHB Gustavo Deleón 0-0: Fly out, F7 (Flyball, 7D)
Top of the 5th over - 0 runs, 0 hits, 0 errors, 0 left on base; Alameda 4 - Belleville 2
BOTTOM OF THE 5TH
Belleville Bulls batting - Pitching for Alameda Airmen : RHP Henry Mitchell
Batting: RHB Chi-hyeong Kim 0-0: SINGLE (Groundball, 34D)
Batting: RHB José Bumgarnor 0-0: Ball
1-0: Called Strike
1-1: Bunted foul
1-2: Ball
2-2: Fly out, F5 (Line Drive, 56)
Batting: LHB Don McGhee 0-0: Ball
1-0: Swinging Strike
1-1: SINGLE (Groundball, 34D)
Chi-hyeong Kim to second
Runner from 2nd tries for 3rd, OUT!
Batting: LHB Ed Mellor 0-0: Called Strike
0-1: Ball
1-1: Foul Ball, location: 2F
1-2: Foul Ball, location: 2F
1-2: Ball
2-2: Fly out, F9 (Flyball, 8RS)
Bottom of the 5th over - 0 runs, 2 hits, 0 errors, 1 left on base; Alameda 4 - Belleville 2
TOP OF THE 6TH
Alameda Airmen batting - Pitching for Belleville Bulls : RHP Mario Galván
Batting: RHB Jeromy Gride 0-0: Called Strike
0-1: Ball
1-1: Ball
2-1: Ball
3-1: Called Strike
3-2: SINGLE (Groundball, 6D)
Batting: RHB Hildo Oerlemans 0-0: Fly out, F2 (Popup, 25F)
Batting: RHB Vonne Navarrete 0-0: Called Strike
0-1: Ball
1-1: Fly out, F7 (Flyball, 78M)
Batting: RHB Gang Jing 0-0: Ball
1-0: Foul Ball, location: 2F
1-1: DOUBLE (Flyball, 8LXD)
Jeromy Gride to third
Batting: RHB Mike Capes 0-0: Ball
1-0: Foul Ball, location: 2F
1-1: Fly out, F8 (Flyball, 8RM)
Top of the 6th over - 0 runs, 2 hits, 0 errors, 2 left on base; Alameda 4 - Belleville 2
BOTTOM OF THE 6TH
Belleville Bulls batting - Pitching for Alameda Airmen : RHP Henry Mitchell
Batting: RHB Silvian Burger 0-0: Ball
1-0: Ball
2-0: SOLO HOME RUN (Line Drive, 7LD), Distance : 365 ft
Batting: RHB Manuel Vroonland 0-0: Called Strike
0-1: Foul Ball, location: 2F
0-2: Strikes out swinging
Batting: RHB Cheh Zhi 0-0: Called Strike
0-1: Reached on error, E6 (Groundball, 6)
Batting: SHB Júlio Moreno 0-0: Foul Ball, location: 2F
0-1: Swinging Strike
0-2: Ball
1-2: Foul Ball, location: 2F
1-2: Ball
2-2: Strikes out swinging
Batting: RHB Eric Harvey 0-0: Foul Ball, location: 2F
0-1: Called Strike
0-2: Ball
1-2: Foul Ball, location: 2F
1-2: Strikes out swinging
Bottom of the 6th over - 1 run, 1 hit, 1 error, 1 left on base; Alameda 4 - Belleville 3
TOP OF THE 7TH
Alameda Airmen batting - Pitching for Belleville Bulls : RHP Mario Galván
Batting: RHB Gerwin Norman 0-0: Ball
1-0: Foul Ball, location: 2F
1-1: Ground out 6-3 (Groundball, 6M)
Batting: RHB Víctor Marrero 0-0: Called Strike
0-1: Foul Ball, location: 2F
0-2: Strikes out looking
Batting: RHB Juan Alcocer 0-0: Ball
1-0: Called Strike
1-1: Swinging Strike
1-2: Ball
2-2: Foul Ball, location: 2F
2-2: Foul Ball, location: 2F
2-2: Ball
3-2: Strikes out swinging
Top of the 7th over - 0 runs, 0 hits, 0 errors, 0 left on base; Alameda 4 - Belleville 3
BOTTOM OF THE 7TH
Belleville Bulls batting - Pitching for Alameda Airmen : RHP Henry Mitchell
Pitching: RHP António Colón
Batting: RHB Chi-hyeong Kim 0-0: Ball
1-0: Foul Ball, location: 2F
1-1: Swinging Strike
1-2: Strikes out swinging
Batting: RHB José Bumgarnor 0-0: Ball
1-0: Foul Ball, location: 2F
1-1: Called Strike
1-2: Ball
2-2: Strikes out swinging
Batting: LHB Don McGhee 0-0: Swinging Strike
0-1: Called Strike
0-2: Ball
1-2: Ball
2-2: Fly out, F3 (Line Drive, 34)
Bottom of the 7th over - 0 runs, 0 hits, 0 errors, 0 left on base; Alameda 4 - Belleville 3
TOP OF THE 8TH
Alameda Airmen batting - Pitching for Belleville Bulls : RHP Mario Galván
Batting: LHB Gustavo Deleón 0-0: Called Strike
0-1: Ball
1-1: SINGLE (Line Drive, 9LS)
Batting: RHB Jeromy Gride 0-0: Called Strike
0-1: Ball
1-1: Ball
2-1: Swinging Strike
2-2: Foul Ball, location: 2F
2-2: Foul Ball, location: 2F
2-2: Strikes out swinging
Batting: RHB Hildo Oerlemans 0-0: Called Strike
0-1: Ball
1-1: Ball
2-1: Fly out, F8 (Flyball, 8RXD)
Runner from 1st tags up, SAFE at 2nd
Batting: RHB Vonne Navarrete 0-0: Ball
1-0: Ball
Wild Pitch!
Gustavo Deleón to third
2-0: DOUBLE (Line Drive, 7LM)
Gustavo Deleón scores
Batting: RHB Gang Jing 0-0: Ball
1-0: Fly out, F8 (Flyball, 8RD)
Top of the 8th over - 1 run, 2 hits, 0 errors, 1 left on base; Alameda 5 - Belleville 3
BOTTOM OF THE 8TH
Belleville Bulls batting - Pitching for Alameda Airmen : RHP António Colón
Batting: LHB Ed Mellor 0-0: Called Strike
0-1: Called Strike
0-2: Foul Ball, location: 2F
0-2: Ball
1-2: Strikes out swinging
Batting: RHB Silvian Burger 0-0: Called Strike
0-1: Ball
1-1: Ball
2-1: Swinging Strike
2-2: Foul Ball, location: 2F
2-2: Ball
3-2: Base on Balls
Batting: RHB Manuel Vroonland 0-0: Called Strike
0-1: Foul Ball, location: 2F
0-2: Strikes out swinging
Batting: RHB Cheh Zhi 0-0: Fielders Choice at 2nd, 6-4 (Groundball, 6)
Bottom of the 8th over - 0 runs, 0 hits, 0 errors, 1 left on base; Alameda 5 - Belleville 3
TOP OF THE 9TH
Alameda Airmen batting - Pitching for Belleville Bulls : RHP Mario Galván
Pitching: RHP Kevin Pilkington
Batting: RHB Mike Capes 0-0: Ball
1-0: Ball
2-0: Ball
3-0: Called Strike
3-1: SINGLE (Groundball, 34D)
Batting: RHB Gerwin Norman 0-0: Called Strike
0-1: Ball
1-1: Foul Ball, location: 2F
1-2: Ball
2-2: Strikes out looking
Batting: RHB Víctor Marrero 0-0: Swinging Strike
0-1: Ball
1-1: Swinging Strike
1-2: Foul Ball, location: 2F
1-2: Strikes out swinging
Batting: RHB Juan Alcocer 0-0: Ball
1-0: Fielders Choice at 2nd, 5-4 (Groundball, 56)
Top of the 9th over - 0 runs, 1 hit, 0 errors, 1 left on base; Alameda 5 - Belleville 3
BOTTOM OF THE 9TH
Belleville Bulls batting - Pitching for Alameda Airmen : RHP António Colón
Pitching: RHP Jesús Gonzáles
Batting: SHB Júlio Moreno 0-0: Ball
1-0: Ball
2-0: Called Strike
2-1: Foul Ball, location: 2F
2-2: Strikes out swinging, 2-3 out at first.
Batting: RHB Eric Harvey 0-0: Ball
1-0: Called Strike
1-1: Ball
2-1: Foul Ball, location: 2F
2-2: Ball
3-2: Foul Ball, location: 2F
3-2: Strikes out swinging
Batting: RHB Chi-hyeong Kim 0-0: Called Strike
0-1: Called Strike
0-2: Fly out, F2 (Popup, 23F)
Bottom of the 9th over - 0 runs, 0 hits, 0 errors, 0 left on base; Alameda 5 - Belleville 3
Wednesday, September 19th, 2018 - OOTP Baseball 18.8 Build 76